 Dungeon Crawl Stone Soup version 0.27-a0-594-g2aaa8dbbc2 (webtiles) character file.

Game seed: 9649078092508696209

86832 ReteAZ the Tortoise (level 15, -17/107 HPs)
             Began as a Gargoyle Fighter on Mar 11, 2021.
             Was a Priest of Ashenzari.
             Collided with a crystal wall (22 damage)
             ... caused by a deep elf knight
             ... on level 12 of the Dungeon.
             The game lasted 00:28:00 (24364 turns).

ReteAZ the Tortoise (Gargoyle Fighter)             Turns: 24364, Time: 00:28:01

Health: -17/107    AC: 23    Str: 24    XL:     15   Next: 88%
Magic:  0/15       EV: 10    Int: 17    God:    Ashenzari [***...]
Gold:   1545       SH: 14    Dex:  9    Spells: 14/14 levels left

rFire    . . .     SeeInvis +   I - +3 broad axe (flame)
rCold    + . .     Faith    .   c - +0 kite shield "Share My Inconvenience" {Bglg, Melee} (curse)
rNeg     + . .     Spirit   +   P - +2 ring mail of the Oracular Planets {Will+, Self, Evo} (curse)
rPois    ∞         Reflect  .   v - +0 helmet of the Bells {Will+ Slay+3}
rElec    +         Harm     .   i - +0 cloak "Stars of the Soothsayer" {Range, Melee} (curse)
rCorr    .         Rampage  .   K - +0 pair of gloves of Ashenzari's Orthodoxy {Bglg, Melee} (curse)
Will     +++..     Clarity  +   (no boots)
Stlth    ..........             R - amulet of Ashenzari's Visionary {Spirit, Bglg, Fort} (curse)
HPRegen  0.27/turn              t - +6 ring of intelligence
MPRegen  0.14/turn              G - ring of protection from cold

@: corroded, flying
A: big wings, negative energy resistance 1, electricity resistance, torment
resistance 1, unbreathing 1, petrification resistance, AC +11
a: Stop Flying, Renounce Religion, Shatter the Chains


You were on level 12 of the Dungeon.
You worshipped Ashenzari.
Ashenzari was most pleased with you.
You visited 3 branches of the dungeon, and saw 19 of its levels.
You also visited: Ossuary.

You collected 1545 gold pieces.

Inventory:

Hand Weapons
 I - a +3 broad axe of flaming (weapon)
Missiles
 X - 5 curare-tipped darts (quivered)
Armour
 c - the cursed +0 kite shield "Share My Inconvenience" (worn) {Bglg, Melee}

   It has a curse placed upon it.
 i - the cursed +0 cloak "Stars of the Soothsayer" (worn) {Range, Melee}
   (You found it on level 1 of the Dungeon)

   It has a curse placed upon it.
 v - the +0 helmet of the Bells (worn) {Will+ Slay+3}
   (You acquired it on level 12 of the Dungeon)

   It affects your accuracy and damage with ranged weapons and melee attacks
   (+3).
   It affects your willpower, your defense against some magical effects.
 J - +0 swamp dragon scales
 K - the cursed +0 pair of gloves of Ashenzari's Orthodoxy (worn) {Bglg, Melee}
   (You found it on level 9 of the Dungeon)

   It has a curse placed upon it.
 P - the cursed +2 ring mail of the Oracular Planets (worn) {Will+, Self, Evo}
   (You took it off Harold on level 10 of the Dungeon)

   It has a curse placed upon it.
Jewellery
 e - a ring of protection from cold
 k - an amulet of the acrobat
 l - a ring of ice
 t - a +6 ring of intelligence (right hand)
 F - a ring of magical power
 G - a ring of protection from cold (left hand)
 R - the cursed amulet of Ashenzari's Visionary (around neck) {Spirit, Bglg, Fort}
   (You found it on level 11 of the Dungeon)

   [amulet of guardian spirit]

   It causes incoming damage to be split between your health and magic.
   It has a curse placed upon it.
Wands
 p - a wand of polymorph (27)
 B - a wand of mindburst (12)
 M - a wand of flame (17)
 U - a wand of digging (16)
 W - a wand of acid (2)
 Y - a wand of paralysis (13)
Scrolls
 a - a scroll of holy word
 g - 13 scrolls of teleportation
 h - a scroll of fear
 m - 4 scrolls of magic mapping
 n - 5 scrolls of amnesia
 x - a scroll of brand weapon
 y - 3 scrolls of vulnerability
 D - 5 scrolls of fog
 E - 2 scrolls of enchant armour
 Q - 2 scrolls of blinking
 V - a scroll of summoning
Potions
 b - a potion of resistance
 d - 6 potions of might
 f - 5 potions of curing
 o - 7 potions of attraction
 q - 3 potions of lignification
 r - 4 potions of cancellation
 s - 7 potions of brilliance
 u - a potion of invisibility
 w - 4 potions of haste
 z - 2 potions of degeneration
 A - a potion of berserk rage
 H - a potion of mutation
 O - 3 potions of heal wounds
 T - 2 potions of magic


   Skills:
 + Level 15.0(17.0) Fighting
 + Level 13.1(17.7) Axes
 + Level 15.0(17.0) Armour
 + Level 15.0(17.0) Shields


You had 14 spell levels left.
You didn't know any spells.
Your spell library contained the following spells:

 Spells                   Type           Power      Damage    Failure   Level
 Magic Dart               Conj           8%         1d3       22%         1
 Animate Skeleton         Necr           0%         N/A       30%         1
 Beastly Appendage        Tmut           0%         N/A       30%         1
 Freeze                   Ice            0%         1d3       30%         1
 Pain                     Necr           0%         1d4       30%         1
 Blink                    Tloc           N/A        N/A       32%         2
 Searing Ray              Conj           4%         3d3       32%         2
 Poisonous Vapours        Pois/Air       0%         N/A       43%         2
 Wereblood                Tmut           0%         N/A       43%         2
 Confusing Touch          Hex            2%         N/A       54%         3
 Dazzling Flash           Conj/Hex       4%         N/A       54%         3
 Gell's Gravitas          Tloc           1%         N/A       54%         3
 Lesser Beckoning         Tloc           1%         N/A       54%         3
 Teleport Other           Tloc           2%         N/A       54%         3
 Conjure Flame            Conj/Fire      1%         6-21      61%         3
 Mephitic Cloud           Conj/Pois/Air  1%         N/A       63%         3
 Frozen Ramparts          Ice            0%         1d2       67%         3
 Ozocubu's Armour         Ice            0%         N/A       67%         3
 Spider Form              Tmut/Pois      0%         N/A       67%         3
 Vampiric Draining        Necr           0%         2d6       67%         3
 Fulminant Prism          Conj/Hex       1%         3d6       91%         4
 Iskenderun's Mystic Bla  Conj/Tloc      2%         2d3       91%         4
 Manifold Assault         Tloc           2%         N/A       91%         4
 Hailstorm                Conj/Ice       1%         3d3       95%         4
 Animate Dead             Necr           0%         N/A       97%         4
 Ice Form                 Ice/Tmut       0%         N/A       97%         4
 Petrify                  Tmut/Erth      0%         N/A       97%         4
 Summon Ice Beast         Ice/Summ       0%         N/A       97%         4
 Agony                    Necr           0%         N/A       100%        5
 Blade Hands              Tmut           0%         N/A       100%        5
 Metabolic Englaciation   Hex/Ice        0%         N/A       100%        5
 Summon Forest            Summ/Tloc      0%         N/A       100%        5
 Summon Mana Viper        Hex/Summ       1%         N/A       100%        5
 Yara's Violent Unravell  Hex/Tmut       0%         3d3       100%        5
 Freezing Cloud           Conj/Ice/Air   0%         6-21      100%        6
 Shadow Creatures         Summ           N/A        N/A       100%        6
 Summon Hydra             Summ           0%         N/A       100%        7


Dungeon Overview and Level Annotations

Branches:
Dungeon (12/15)            Temple (1/1) D:7            Lair (6/6) D:8
 Shoals (0/4) Lair:4       Spider (0/4) Lair:2        Slime (0/5) Lair:6
    Orc (0/2) D:12        Ossuary (visited)

Altars:
Ashenzari
Cheibriados
Dithmenos
Elyvilon
Fedhas
Gozag
Hepliaklqana
Kikubaaqudgha
Makhleb
Nemelex Xobeh
Okawaru
Qazlal
Ru
Sif Muna
Trog
Uskayaw
Vehumet
Wu Jian
Xom
Yredelemnul
Zin
The Shining One

Shops:
D:7 *

Annotations:
D:6 1 runed translucent door, dbrn's ghost, novice TrBe
D:8 3 runed translucent doors, MiFiHotspot's ghost, novice MiFi


Innate Abilities, Weirdness & Mutations

Your stone body is resilient. (AC +11)
You are immune to poison.
Your large and strong wings let you fly indefinitely.
You resist negative energy. (rN+)
You are resistant to electric shocks. (rElec)
You are resistant to unholy torment.
You can survive without breathing.
You are immune to petrification.


Message History

The deep elf knight is splashed with acid.
The acid corrodes the deep elf knight!
The deep elf knight is moderately wounded.
Aiming: Corrosive Bolt
Press: ? - help, Shift-Dir - straight line, f/p - deep elf knight
Aim: a deep elf knight, wielding a +0 short sword and wearing a +0 buckler (moderately wounded, fast, slightly transparent, covered in acid, 54% to evade)
The bolt of acid hits the tengu reaver!
The tengu reaver is splashed with acid!
The tengu reaver seems to be corroded for longer.
You kill the tengu reaver!
The bolt of acid hits the deep elf knight!
The deep elf knight is splashed with acid.
The deep elf knight seems to be corroded for longer.
The deep elf knight is heavily wounded.
The deep elf knight casts a spell at you.
The lance of force hits you!
* * * LOW HITPOINT WARNING * * *
You are knocked back by the lance of force.
You slam into the crystal wall!
* * * LOW HITPOINT WARNING * * *
Your base Fighting skill increases to level 15!
Your base Armour skill increases to level 15!
Your base Shields skill increases to level 15!
Okay, then.
Unknown command.
Aiming: Corrosive Bolt
Press: ? - help, Shift-Dir - straight line, f/p - deep elf knight
Aim: a deep elf knight, wielding a +0 short sword and wearing a +0 buckler (heavily wounded, fast, slightly transparent, covered in acid, 54% to evade)
The bolt of acid hits the deep elf knight!
The deep elf knight is splashed with acid!
The deep elf knight is almost dead.
Aiming: Corrosive Bolt
Press: ? - help, Shift-Dir - straight line, f/p - deep elf knight
Aim: a deep elf knight, wielding a +0 short sword and wearing a +0 buckler (almost dead, fast, slightly transparent, covered in acid, 54% to evade)
The bolt of acid misses the deep elf knight.
The deep elf knight gestures at you while chanting.
The lance of force hits you.
* * * LOW HITPOINT WARNING * * *
You are knocked back by the lance of force.
You slam into the crystal wall!
You die...

#.....# ##..# #.#.e..#
#)##..## #.# ...# #e# ..##
##.# |:. ##..#######
#########.#@....#.## ####
#...#.#.##.#...#.#.#####..#
#.#.....#.#.#.#.#....†..####
#.#....)#..#.#.#..######..##
#..)#.#.#...#.#...#.#.#...##
#..######..#.#.#..#[....#.##
###)......#.#.#.#.#|....#.##
#..#####.#.#...#.##.#.#...##
#### ##.#.....#.#########.


You could see a deep elf knight (fast, invisible, corroded).

Vanquished Creatures
  Gastronok (Lair:2)
  A sphinx (D:12)
  A tengu reaver (D:12)
  Josephine (Lair:4)
  A yaktaur captain (D:12)
  Harold (D:10)
  6 hydras
  A merfolk avatar (Lair:6)
  3 boulder beetles
  2 centaur warriors (D:12)
  3 two-headed ogres
  Erica (Lair:2)
  2 catoblepae
  2 dancing weapons (D:12)
  11 death yaks
  Sonja (Lair:2)
  A deep elf knight (D:12)
  Nergalle (Lair:3)
  A fire crab (shapeshifter) (D:12)
  A sea snake (Lair:5)
  3 unseen horrors
  A glowing orange brain (shapeshifter) (D:12)
  A lindwurm (Lair:6)
  An orc knight (D:12)
  A phantasmal warrior (D:12)
  A harpy (Lair:6)
  A wolf spider (D:12)
  3 ugly things
  4 manticores
  Joseph (D:8)
  4 black mambas
  13 elephants
  A water nymph (shapeshifter) (D:12)
  A torpor snail (Lair:6)
  18 cane toads
  Maggie (D:8)
  17 komodo dragons
  2 yaktaurs (D:12)
  A kobold demonologist (D:11)
  4 rime drakes
  3 trolls
  3 hornets
  A polar bear (Lair:4)
  Prince Ribbit (D:8)
  2 slime creatures (Lair:6)
  A meliai zombie (D:11)
  A snapping turtle (Lair:4)
  26 blink frogs
  A vampire (D:11)
  6 wraiths
  14 wyverns
  74 yaks
  2 steam dragons (D:9)
  3 basilisks
  Edmund (D:5)
  An acid dragon (D:12)
  9 water moccasins
  8 orc warriors
  3 ice beasts
  7 black bears
  6 sky beasts
  2 ogres
  A boggart (D:12)
  2 phantoms
  27 wolves
  6 centaurs
  A kobold brigand (D:7)
  4 elf zombies (Ossuary)
  10 bullfrogs
  A wyvern zombie (D:12)
  2 scorpions
  13 killer bees
  9 wights
  An electric eel (Lair:4)
  3 bullfrog zombies
  A crimson imp (D:8)
  2 quasits (D:5)
  A centaur zombie (Ossuary)
  5 orc priests
  A bullfrog skeleton (D:9)
  5 hounds
  2 human zombies (Ossuary)
  3 jellies
  Crazy Yiuf (D:3)
  3 centaur skeletons
  8 iguanas
  12 hell rats
  12 orc wizards
  4 worker ants
  3 hound skeletons
  3 mummies (Ossuary)
  A howler monkey zombie (D:5)
  A worker ant zombie (D:11)
  12 adders
  22 river rats
  A shadow imp (D:7)
  2 white imps
  3 ufetubi
  An ooze (D:1)
  2 adder zombies (Ossuary)
  2 adder skeletons
  5 worms
  3 dart slugs
  4 leopard geckos
  67 orcs
  2 giant cockroaches
  8 goblins
  5 hobgoblins
  2 jackals (D:5)
  11 quokkas
  A ball python (D:2)
  9 bats
  7 frilled lizards
  2 gnoll zombies (Ossuary)
  6 goblin zombies (Ossuary)
  A hobgoblin zombie (Ossuary)
  2 jackal zombies (Ossuary)
  13 kobolds
  7 kobold zombies (Ossuary)
  An orc zombie (Ossuary)
  4 quokka zombies (Ossuary)
  24 rats
  2 rat zombies (Ossuary)
675 creatures vanquished.

Vanquished Creatures (others)
  35 fungi
  89 plants
124 creatures vanquished.

Grand Total: 799 creatures vanquished

Notes
Turn   | Place    | Note
-------+----------+-------------------------------------------
     0 | D:1      | ReteAZ the Gargoyle Fighter began the quest for the Orb.
     0 | D:1      | Reached XP level 1. HP: 14/14 MP: 1/1
    79 | D:1      | Reached XP level 2. HP: 19/19 MP: 2/2
   351 | D:1      | Reached XP level 3. HP: 22/23 MP: 3/3
  1182 | D:2      | Reached XP level 4. HP: 14/29 MP: 4/4
  2095 | D:3      | Reached XP level 5. HP: 21/33 MP: 5/5
  2375 | D:3      | Found a runed translucent door.
  2376 | D:3      | Noticed Crazy Yiuf
  2739 | D:3      | Killed Crazy Yiuf
  3775 | D:5      | Entered Level 5 of the Dungeon
  3786 | D:5      | Reached XP level 6. HP: 39/39 MP: 6/6
  3815 | D:5      | Noticed Edmund
  3861 | D:5      | Killed Edmund
  4408 | D:5      | Reached XP level 7. HP: 20/44 MP: 7/7
  4703 | D:5      | Reached skill level 5 in Fighting
  4715 | D:5      | Reached skill level 5 in Armour
  4715 | D:5      | Reached skill level 5 in Shields
  5202 | D:6      | Reached skill level 5 in Axes
  5211 | D:6      | Found a blossoming altar of Fedhas.
  5282 | D:6      | Found a runed translucent door.
  5325 | D:6      | Found a glowing golden altar of the Shining One.
  5334 | D:6      | Found a sand-covered staircase.
  5341 | Ossuary  | Entered an ossuary
  5409 | Ossuary  | Reached XP level 8. HP: 29/50 MP: 8/8
  6273 | D:6      | Noticed dbrn's ghost (novice TrBe)
  6510 | D:7      | Reached XP level 9. HP: 39/55 MP: 9/9
  6611 | D:7      | Found a staircase to the Ecumenical Temple.
  6642 | D:7      | Found Saarchy's Island Escapes.
  6674 | Temple   | Entered the Ecumenical Temple
  6858 | Temple   | Became a worshipper of Ashenzari the Shackled
  7997 | D:8      | Noticed a two-headed ogre
  8085 | D:8      | Killed a two-headed ogre
  8394 | D:8      | Noticed Prince Ribbit
  8580 | D:8      | Noticed Joseph
  8607 | D:8      | Killed Joseph
  8608 | D:8      | Reached XP level 10. HP: 54/63 MP: 10/10
  8762 | D:8      | Noticed Maggie
  8779 | D:8      | Killed Maggie
  8952 | D:8      | Noticed a death yak
  8952 | D:8      | Noticed a death yak
  9053 | D:8      | Found a staircase to the Lair.
  9099 | D:8      | Killed Prince Ribbit
  9261 | D:9      | Found a bloodstained altar of Trog.
  9915 | D:9      | Reached * piety under Ashenzari
 10176 | D:9      | Found a shimmering altar of Xom.
 10305 | D:10     | Entered Level 10 of the Dungeon
 10627 | D:10     | Reached XP level 11. HP: 68/69 MP: 11/11
 10684 | D:10     | HP: 2/69 [something/puff of flame (7)]
 11001 | D:10     | Reached ** piety under Ashenzari
 11143 | D:10     | Reached skill level 10 in Axes
 11205 | D:10     | Noticed Harold
 11227 | D:10     | Killed Harold
 11296 | D:10     | Noticed a green ugly thing
 11485 | D:11     | Noticed an unseen horror
 11511 | D:11     | Killed an unseen horror
 11617 | D:11     | Noticed a brown ugly thing
 11683 | D:11     | Killed a brown ugly thing
 12092 | D:11     | Noticed a two-headed ogre
 12124 | D:11     | Killed a two-headed ogre
 12790 | D:10     | Killed a green ugly thing
 12919 | D:10     | Reached XP level 12. HP: 75/77 MP: 12/12
 13007 | D:10     | Reached skill level 10 in Armour
 13012 | D:10     | Reached skill level 10 in Shields
 13305 | Lair:1   | Entered Level 1 of the Lair of Beasts
 13319 | Lair:1   | Reached skill level 10 in Fighting
 14454 | Lair:1   | Reached *** piety under Ashenzari
 14671 | Lair:2   | Noticed Erica
 14682 | Lair:2   | Killed Erica
 14970 | Lair:2   | Noticed a five-headed hydra
 14978 | Lair:2   | Killed a one-headed hydra
 15027 | Lair:2   | Found a hole to the Spider Nest.
 15291 | Lair:2   | Reached **** piety under Ashenzari
 15296 | Lair:2   | Noticed Sonja
 15304 | Lair:2   | Killed Sonja
 15420 | Lair:2   | Noticed Gastronok
 15439 | Lair:2   | Killed Gastronok
 15440 | Lair:2   | Reached XP level 13. HP: 89/89 MP: 13/13
 15783 | Lair:3   | Noticed Nergalle
 15799 | Lair:3   | Killed Nergalle
 17359 | Lair:4   | Gained mutation: Your large and strong wings let you fly
                  | indefinitely. [Gargoyle growth]
 17359 | Lair:4   | Reached XP level 14. HP: 62/98 MP: 9/14
 17706 | Lair:4   | Noticed Josephine
 17728 | Lair:4   | Killed Josephine
 17990 | Lair:4   | Found a staircase to the Shoals.
 19468 | Lair:6   | Entered Level 6 of the Lair of Beasts
 20161 | Lair:6   | Found a staircase to the Slime Pits.
 20632 | Lair:6   | Reached XP level 15. HP: 91/105 MP: 13/15
 22172 | D:8      | Found a hide-covered altar of Uskayaw.
 22251 | D:8      | Found a radiant altar of Vehumet.
 22253 | D:8      | Found a burning altar of Makhleb.
 22287 | D:8      | Found a runed translucent gate.
 22288 | D:8      | Found a runed translucent gate.
 22289 | D:8      | Found a runed translucent gate.
 22289 | D:8      | Noticed MiFiHotspot's ghost (novice MiFi)
 22563 | D:12     | Found a staircase to the Orcish Mines.
 22742 | D:12     | Identified the +2 shortbow "Ogeofev" {venom, rPois}
 22785 | D:12     | Identified a scroll of acquirement
 23044 | D:12     | Acquired the +0 helmet of the Bells {Will+ Slay+3}
 23523 | D:12     | Noticed a sphinx
 23553 | D:12     | Killed a sphinx
 24345 | D:12     | Noticed a tengu reaver
 24362 | D:12     | Killed a tengu reaver
 24363 | D:12     | Reached skill level 15 in Fighting
 24363 | D:12     | Reached skill level 15 in Armour
 24363 | D:12     | Reached skill level 15 in Shields
 24364 | D:12     | HP: 5/107 [deep elf knight/lance of force (4)]
 24364 | D:12     | Collided with a crystal wall

Illustrated notes

Levels and vault maps discovered:
D:1:      sevenhm_arrival_forest_fort_large_2, layout_rooms, minmay_ruptured
D:2:      layout_basic, ebering_dispersal_statue_hall
D:3:      layout_basic, chequers_serial_rivers_small_a, uniq_crazy_yiuf_cottage
D:4:      layout_basic
D:5:      layout_basic, uniq_edmund
D:6:      layout_basic, lemuel_doored_altar, ebering_ghost_inner_flame,
          chequers_ossuary_entry_cave, fedhas_altar_1
D:7:      layout_basic, minmay_temple_entry_trees, nicolae_island_escapes
D:8:      layout_loops_ring, lemuel_coloured_pillars_altar,
          grunt_temple_overflow_lords_of_destruction, dpeg_lair_monsters,
          gammafunk_ghost_hydra_chop, hangedman_decor_growths, uniq_joseph,
          uniq_maggie, uniq_prince_ribbit1
D:9:      layout_loops_ring, lemuel_crystal_altar, xom_butterflies,
          hangedman_misty_isle
D:10:     layout_long_grid, grunt_ministairs_8, due_unseen_surprise, uniq_harold
D:11:     layout_cave_pods, hangedman_decor_lopped, minmay_splitting_lines,
          serial_bayou_pond_e
D:12:     minmay_tearing_corner, layout_loops_ring, hiddenorc2_lemuel,
          minmay_mirror_moons_of_madness
Temple:   regret_index_temple_sphere_string
Lair:1:   layout_cellular_growth, infiniplex_staircase_pool_2
Lair:2:   beast_lair_carwin_large_2, layout_loops_ring, dummy_spider_entry,
          amcnicky_mini_pool_medium, uniq_sonja, uniq_gastronok, uniq_erica
Lair:3:   lemuel_ratsnest, layout_chaotic_city, grunt_megastairs_1,
          uniq_nergalle
Lair:4:   layout_hall_layers, minmay_shoals_entry_hut,
          portal_ice_cave_entry_pillars_1, beast_lair_carwin_3, uniq_josephine
Lair:5:   layout_cave_pods, grunt_megastairs_5, lemuel_fruit_tree
Lair:6:   gammafunk_lair_ancient_temple, layout_regular_city,
          minmay_slime_entry_pillars, grunt_forest_stairs_basic,
          nicolae_lair_yak_garden

Skill      XL: |  1  2  3  4  5  6  7  8  9 10 11 12 13 14 15 |
---------------+----------------------------------------------+-----
Axes           | 2 3 4 5 6 8 9 11 12 13 | 13.1
Fighting       | 4 5 6 7 8 9 11 12 14 15 | 15.0
Armour         | 4 5 6 7 8 9 11 12 14 15 | 15.0
Shields        | 4 5 6 7 8 9 11 12 14 15 | 15.0

Action                   |  1- 3 |  4- 6 |  7- 9 | 10-12 | 13-15 || total
-------------------------+-------+-------+-------+-------+-------++-------
Melee: War axe           |   115 |   165 |   507 |    29 |       ||   816
       Unarmed           |       |    12 |       |       |       ||    12
       Broad axe         |       |       |       |   674 |  1045 ||  1719
Throw: Throwing net      |       |       |       |     1 |       ||     1
Invok: Curse Item        |       |       |     1 |     5 |       ||     6
       Shatter the Chain |       |       |       |       |     1 ||     1
 Abil: Fly               |       |       |       |       |     1 ||     1
Evoke: Wand              |       |       |     4 |     5 |     4 ||    13
  Use: Potion            |       |       |       |     4 |     1 ||     5
       Scroll            |       |       |       |       |     2 ||     2
 Stab: Held in net/web   |       |       |       |     1 |       ||     1
       Distracted        |       |       |       |       |     1 ||     1
Armor: Scale mail        |    52 |    80 |       |       |       ||   132
       Chain mail        |       |    26 |   257 |       |       ||   283
       Plate armour      |       |       |   158 |     9 |       ||   167
       Swamp dragon scal |       |       |       |   146 |       ||   146
       Ring mail         |       |       |       |   181 |   302 ||   483
Dodge: Dodged            |    42 |    58 |   125 |   244 |   198 ||   667
Block: Kite shield       |    56 |    80 |   285 |   390 |   522 ||  1333

Table legend: (Time is in decaauts)
 A = Elapsed time spent in this place.
 B = Non-inter-level travel time spent in this place.
 C = Inter-level travel time spent in this place.
 D = Time resting spent in this place.
 E = Time spent auto-exploring this place.
 F = Levels seen in this place.
 G = Mean time per level.
                   A        B        C        D        E       F      G
               +--------+--------+--------+--------+--------+-----+--------+
         Total |  24448 |  23467 |    981 |   1970 |  16843 |  20 | 1222.4 |
       Dungeon |  15214 |  14521 |    693 |   1413 |  10049 |  12 | 1267.8 |
        Temple |    209 |    154 |     55 |      0 |    152 |   1 |  209.0 |
          Lair |   8281 |   8049 |    232 |    361 |   6402 |   6 | 1380.2 |
       Ossuary |    742 |    742 |      0 |    196 |    240 |   1 |  742.0 |
               +--------+--------+--------+--------+--------+-----+--------+

Top non-repeatable levels by time:
  Lair:6: 2124 daAuts
    D:12: 1917 daAuts
     D:8: 1673 daAuts
    D:10: 1579 daAuts
  Lair:4: 1463 daAuts
    D:11: 1442 daAuts
     D:7: 1371 daAuts
     D:5: 1309 daAuts
  Lair:1: 1277 daAuts
  Lair:5: 1184 daAuts
     D:4: 1184 daAuts
  Lair:3: 1179 daAuts
     D:3: 1123 daAuts
     D:9: 1111 daAuts
     D:2: 1060 daAuts
